 Dungeon Crawl Stone Soup version 0.26.0-7-g794d0892b4 (webtiles) character file.

Game seed: 4788870600376220309

58 ythm the Insei (level 3, -2/29 HPs)
             Began as a Demonspawn Monk on Jan 12, 2021.
             Succumbed to an adder's poison
             ... on level 2 of the Dungeon.
             The game lasted 00:02:42 (2052 turns).

ythm the Insei (Demonspawn Monk)                    Turns: 2052, Time: 00:02:42

Health: -2/29      AC:  2    Str: 12    XL:     3   Next: 76%
Magic:  3/3        EV: 13    Int: 11    God:
Gold:   93         SH:  0    Dex: 15    Spells: 2/2 levels left

rFire    . . .     SeeInvis .     - Unarmed
rCold    . . .     Faith    .   (no shield)
rNeg     . . .     Spirit   .   a - +0 robe
rPois    +         Reflect  .   (helmet restricted)
rElec    .         Harm     .   (no cloak)
rCorr    .         Rampage  .   (no gloves)
Will     .....     Clarity  +   (no boots)
Stlth    ++........             (no amulet)
HPRegen  0.09/turn              (no ring)
MPRegen  0.08/turn              (no ring)

@: lethally poisoned (-2 -> -20), berserk cooldown, slowed, very slow
A: beak, clarity, mutation resistance 1, poison resistance, powered by pain 1
a: no special abilities


You were on level 2 of the Dungeon.
You visited 1 branch of the dungeon, and saw 2 of its levels.

You collected 93 gold pieces.

Inventory:

Armour
 a - a +0 robe (worn)
Scrolls
 b - a scroll of random uselessness {unknown}
 c - 2 scrolls of enchant armour {unknown}
 e - 2 scrolls of teleportation {unknown}
 g - a scroll of magic mapping {unknown}
 h - a scroll of identify {unknown}
 i - a scroll of amnesia {unknown}
 j - a scroll of remove curse {unknown}


   Skills:
 - Level 3.0 Fighting
 - Level 2.6 Dodging
 - Level 1.7 Stealth
 + Level 4.3 Unarmed Combat


You had 2 spell levels left.
You didn't know any spells.
Your spell library was empty.

Dungeon Overview and Level Annotations

Branches:
Dungeon (2/15)

Altars:


Innate Abilities, Weirdness & Mutations

You sometimes gain a little power by taking damage.
You have a beak for a mouth.
You possess an exceptional clarity of mind.
You are somewhat resistant to further mutation.
Your system is resistant to poisons. (rPois)


Message History

Unknown command.
There is a lethal amount of poison in your body!
You are no longer berserk.
You are exhausted.
You feel yourself slow down.
* * * LOW HITPOINT WARNING * * *
You feel sick.
Unknown command.
Unknown command.
It was a potion of mutation.
You feel extremely strange.
Your mouth lengthens and hardens into a beak!
You feel resistant to poisons.
You feel genetically stable.
Your thoughts seem clearer.
* * * LOW HITPOINT WARNING * * *
You feel sick.
You aren't carrying any potions.
Unknown command.
Unknown command.
There is a lethal amount of poison in your body!
You die...

#..#
#.......##.
#..#
#........#.
#..#
#........#.
#..#
#.......††.
#..##
#........#.
#...#
#.......###
##..#
#.#####..#.
#..# #.
##..# #.@#
#... #..#
##.# #..#
#.# #...
#.# ##.##
#####.# #.#
....... #.#
....... #..
.......
#####.#


There were no monsters in sight!

Vanquished Creatures
  2 adders (D:2)
  A dart slug (D:2)
  A leopard gecko (D:2)
  3 giant cockroaches
  2 goblins
  4 hobgoblins (D:1)
  4 jackals (D:2)
  A quokka (D:2)
  5 bats
  3 frilled lizards (D:1)
  5 kobolds
  8 rats
39 creatures vanquished.

Notes
Turn   | Place    | Note
-------+----------+-------------------------------------------
     0 | D:1      | ythm the Demonspawn Monk began the quest for the Orb.
     0 | D:1      | Reached XP level 1. HP: 18/18 MP: 1/1
   210 | D:1      | Reached skill level 3 in Unarmed Combat
   234 | D:1      | Gained mutation: You sometimes gain a little power by
                  | taking damage. [demonic ancestry]
   234 | D:1      | Reached XP level 2. HP: 2/24 MP: 2/2
  1230 | D:2      | Reached XP level 3. HP: 9/29 MP: 3/3
  1610 | D:2      | Reached skill level 4 in Unarmed Combat
  2051 | D:2      | Gained mutation: You have a beak for a mouth. [potion of
                  | mutation]
  2051 | D:2      | Gained mutation: Your system is resistant to poisons.
                  | (rPois) [potion of mutation]
  2051 | D:2      | Gained mutation: You are somewhat resistant to further
                  | mutation. [potion of mutation]
  2051 | D:2      | Gained mutation: You possess an exceptional clarity of
                  | mind. [potion of mutation]
  2051 | D:2      | HP: 1/29 [poisoned by an adder]
  2052 | D:2      | Succumbed to an adder's poison

Illustrated notes

Levels and vault maps discovered:
D:1:      shiori_arrival_elements, layout_basic, serial_glass, glass_columns_c,
          glass_columns_b, roderic_serpentine_path
D:2:      wad_crossroads, layout_loops_ring, okawaru_altar_gauntlet_db

Skill      XL: |  1  2  3 |
---------------+----------+-----
Unarmed Combat | 3 4 |  4.3
Fighting       | |  3.0
Dodging        | |  2.6
Stealth        | |  1.7

Action                   || total
-------------------------++-------
Melee: Unarmed           ||   156
       Punch             ||     2
  Use: Potion            ||     2
 Stab: Sleeping          ||     8
Armor: Robe              ||    29
Dodge: Dodged            ||   111
